MLB
BOSTON RED SOX @ ATLANTA BRAVES
09/03/2044
 
TOP OF THE 1ST
Boston Red Sox batting - Pitching for Atlanta Braves : LHP Joe Testa
Pitching: LHP Joe Testa
Batting: SHB Robbie Rogers 0-0: DOUBLE (Groundball, 5L, EV 103.1 MPH)
Batting: RHB Bill Turnbull 0-0: Swinging Strike
0-1: Fly out, F3 (Popup, 34, EV 76.2 MPH)
Batting: RHB Chris Lane 0-0: Ball
Robbie Rogers steals 3rd base
1-0: Foul Ball, location: 2F
1-1: Swinging Strike
1-2: SINGLE (Line Drive, 9S, EV 88.1 MPH)
Robbie Rogers scores
Batting: SHB Marvin Lawrence 0-0: Called Strike
0-1: Ball
1-1: Foul Ball, location: 2F
1-2: Strikes out swinging
Batting: SHB Rich Chavez 0-0: Ball
1-0: Called Strike
1-1: Swinging Strike
1-2: Ball
2-2: Foul Ball, location: 2F
2-2: Foul Ball, location: 2F
2-2: Foul Ball, location: 2F
2-2: Foul Ball, location: 2F
2-2: Strikes out swinging
Top of the 1st over - 1 run, 2 hits, 0 errors, 1 left on base; Boston 1 - Atlanta 0
BOTTOM OF THE 1ST
Atlanta Braves batting - Pitching for Boston Red Sox : LHP Ragnar Danielsson
Pitching: LHP Ragnar Danielsson
Batting: RHB Liangde Li 0-0: Ball
1-0: Foul Ball, location: 2F
1-1: Ball
2-1: Ball
3-1: Foul Ball, location: 2F
3-2: Strikes out swinging
Batting: RHB Ian Sousa 0-0: Called Strike
0-1: Swinging Strike
0-2: Ball
1-2: Fly out, F4 (Popup, 3S, EV 80.6 MPH)
Batting: RHB Butch Kaiser 0-0: Ball
1-0: Fly out, F4 (Flyball, 34D, EV 80.0 MPH)
Bottom of the 1st over - 0 runs, 0 hits, 0 errors, 0 left on base; Boston 1 - Atlanta 0
TOP OF THE 2ND
Boston Red Sox batting - Pitching for Atlanta Braves : LHP Joe Testa
Batting: RHB Nick Esteves 0-0: SINGLE (Groundball, 34D, EV 106.9 MPH)
Batting: RHB Manny Vergara 0-0: Called Strike
0-1: Ball
1-1: Foul Ball, location: 2F
1-2: SINGLE (Groundball, 13, EV 88.1 MPH) (infield hit)
Nick Esteves to second
Batting: LHB Kevin McCormic Jr. 0-0: Ball
1-0: Ground out 4-3 (Groundball, 34D, EV 105.6 MPH)
Nick Esteves to third
Manny Vergara to second
Batting: RHB Brandon Perris 0-0: Called Strike
0-1: SINGLE (Groundball, 34D, EV 96.2 MPH)
Nick Esteves scores
Manny Vergara to third
Runner from 3rd tries for Home, SAFE, throw by RF to home
Brandon Perris to second
Batting: SHB Robbie Rogers 0-0: Ball
1-0: Ball
2-0: SINGLE (Flyball, 4MD, EV 91.2 MPH)
Brandon Perris to third
Batting: RHB Bill Turnbull 0-0: Fielders Choice at 2nd, 6-4 (Groundball, 6, EV 97.5 MPH)
Brandon Perris scores
Batting: RHB Chris Lane 0-0: SINGLE (Groundball, 4, EV 95.0 MPH)
Bill Turnbull to second
Runner from 2nd tries for 3rd, SAFE, throw by CF made to third
Chris Lane to second
Batting: SHB Marvin Lawrence 0-0: Called Strike
0-1: Ball
1-1: Ball
2-1: Called Strike
2-2: Fly out, F8 (Line Drive, 8LM, EV 96.2 MPH)
Top of the 2nd over - 3 runs, 5 hits, 0 errors, 2 left on base; Boston 4 - Atlanta 0
BOTTOM OF THE 2ND
Atlanta Braves batting - Pitching for Boston Red Sox : LHP Ragnar Danielsson
Batting: SHB Ken Welch 0-0: Foul Ball, location: 2F
0-1: Ball
1-1: SINGLE (Flyball, 7LS, EV 90.6 MPH)
Batting: RHB Jim Zucco 0-0: Foul Ball, location: 2F
0-1: Called Strike
0-2: Ball
1-2: Ball
2-2: Ball
3-2: Foul Ball, location: 2F
3-2: Foul Ball, location: 2F
3-2: Strikes out swinging
Batting: RHB John Creel 0-0: Ball
1-0: Foul Ball, location: 2F
1-1: Ball
2-1: Ball
3-1: Called Strike
3-2: Foul Ball, location: 2F
3-2: Foul Ball, location: 2F
3-2: SINGLE (Groundball, 56D, EV 97.5 MPH)
Ken Welch to second
Batting: LHB Curt Nelson 0-0: Called Strike
0-1: Swinging Strike
0-2: Ball
1-2: Strikes out swinging
Batting: RHB Danny Anderson 0-0: Ball
1-0: Ball
2-0: Ball
3-0: Base on Balls
Ken Welch to third
John Creel to second
Batting: LHB Colin Worthington 0-0: Foul Ball, location: 2F
0-1: Swinging Strike
0-2: Ground out 4-3 (Groundball, 4S, EV 90.6 MPH)
Bottom of the 2nd over - 0 runs, 2 hits, 0 errors, 3 left on base; Boston 4 - Atlanta 0
TOP OF THE 3RD
Boston Red Sox batting - Pitching for Atlanta Braves : LHP Joe Testa
Batting: SHB Rich Chavez 0-0: Called Strike
0-1: Ball
1-1: Called Strike
1-2: Ball
2-2: Strikes out swinging
Batting: RHB Nick Esteves 0-0: Called Strike
0-1: Ball
1-1: Ball
2-1: SINGLE (Groundball, 6S, EV 71.9 MPH) (infield hit)
Batting: RHB Manny Vergara 0-0: Ball
1-0: SINGLE (Flyball, 5D, EV 82.5 MPH)
Nick Esteves to second
Batting: LHB Kevin McCormic Jr. 0-0: Ball
1-0: Swinging Strike
1-1: Called Strike
1-2: Ball
2-2: Foul Ball, location: 2F
2-2: Fly out, F7 (Flyball, 78M, EV 83.8 MPH)
Batting: RHB Brandon Perris 0-0: Swinging Strike
0-1: Ball
1-1: Swinging Strike
1-2: Foul Ball, location: 2F
1-2: Foul Ball, location: 2F
1-2: Strikes out swinging
Top of the 3rd over - 0 runs, 2 hits, 0 errors, 2 left on base; Boston 4 - Atlanta 0
BOTTOM OF THE 3RD
Atlanta Braves batting - Pitching for Boston Red Sox : LHP Ragnar Danielsson
Batting: RHB Liangde Li 0-0: Foul Ball, location: 2F
0-1: Ball
1-1: Foul Ball, location: 2F
1-2: SINGLE (Groundball, 56D, EV 105.6 MPH)
Batting: RHB Ian Sousa 0-0: Called Strike
0-1: Foul Ball, location: 2F
0-2: Grounds into double play, 5-4-3 (Groundball, 15, EV 81.9 MPH)
Batting: RHB Butch Kaiser 0-0: Called Strike
0-1: Swinging Strike
0-2: Foul Ball, location: 2F
0-2: Ball
1-2: Ball
2-2: SOLO HOME RUN (Flyball, 9D, EV 96.9 MPH), Distance : 385 ft
Batting: SHB Ken Welch 0-0: Ball
1-0: Foul Ball, location: 2F
1-1: Ground out 5-3 (Groundball, 56S, EV 65.6 MPH)
Bottom of the 3rd over - 1 run, 2 hits, 0 errors, 0 left on base; Boston 4 - Atlanta 1
TOP OF THE 4TH
Boston Red Sox batting - Pitching for Atlanta Braves : LHP Joe Testa
Batting: SHB Robbie Rogers 0-0: Fly out, F9 (Flyball, 9LS, EV 93.8 MPH)
Batting: RHB Bill Turnbull 0-0: Called Strike
0-1: Foul Ball, location: 2F
0-2: Ball
1-2: Foul Ball, location: 2F
1-2: Strikes out swinging
Batting: RHB Chris Lane 0-0: Ball
1-0: Ball
2-0: Fly out, F8 (Line Drive, 8LD, EV 91.2 MPH)
Top of the 4th over - 0 runs, 0 hits, 0 errors, 0 left on base; Boston 4 - Atlanta 1
BOTTOM OF THE 4TH
Atlanta Braves batting - Pitching for Boston Red Sox : LHP Ragnar Danielsson
Batting: RHB Jim Zucco 0-0: Foul Ball, location: 2F
0-1: Swinging Strike
0-2: Ball
1-2: Foul Ball, location: 2F
1-2: Foul Ball, location: 2F
1-2: Foul Ball, location: 2F
1-2: Ball
2-2: Strikes out swinging
Batting: RHB John Creel 0-0: Ball
1-0: Swinging Strike
1-1: Ball
2-1: Swinging Strike
2-2: Strikes out swinging
Batting: LHB Curt Nelson 0-0: Ball
1-0: Foul Ball, location: 2F
1-1: Swinging Strike
1-2: Fly out, F9 (Flyball, 9S, EV 87.5 MPH)
Bottom of the 4th over - 0 runs, 0 hits, 0 errors, 0 left on base; Boston 4 - Atlanta 1
TOP OF THE 5TH
Boston Red Sox batting - Pitching for Atlanta Braves : LHP Joe Testa
Batting: SHB Marvin Lawrence 0-0: Ground out 5-3 (Groundball, 5, EV 89.4 MPH)
Batting: SHB Rich Chavez 0-0: Ball
1-0: Foul Ball, location: 2F
1-1: Ball
2-1: Foul Ball, location: 2F
2-2: Ball
3-2: Fly out, F6 (Line Drive, 6, EV 61.9 MPH)
Batting: RHB Nick Esteves 0-0: Ball
1-0: Ball
2-0: SINGLE (Groundball, 34D, EV 96.9 MPH) (infield hit)
Batting: RHB Manny Vergara 0-0: Fly out, F9 (Flyball, 9LM, EV 93.8 MPH)
Top of the 5th over - 0 runs, 1 hit, 0 errors, 1 left on base; Boston 4 - Atlanta 1
BOTTOM OF THE 5TH
Atlanta Braves batting - Pitching for Boston Red Sox : LHP Ragnar Danielsson
Batting: RHB Danny Anderson 0-0: Ball
1-0: Ground out 6-3 (Groundball, 6, EV 85.0 MPH)
Batting: LHB Colin Worthington 0-0: Foul Ball, location: 2F
0-1: Called Strike
0-2: Ball
1-2: Ground out 6-3 (Groundball, P, EV 93.8 MPH)
Batting: RHB Liangde Li 0-0: Foul Ball, location: 2F
0-1: Ball
1-1: Ball
2-1: Ball
3-1: Foul Ball, location: 2F
3-2: Base on Balls
Batting: RHB Ian Sousa 0-0: Foul Ball, location: 2F
0-1: Ball
1-1: SINGLE (Groundball, 13S, EV 68.8 MPH) (infield hit)
Liangde Li to second
Batting: RHB Butch Kaiser 0-0: Called Strike
0-1: Ball
1-1: Foul Ball, location: 2F
1-2: Ball
2-2: Ground out U3 (Groundball, 34, EV 83.1 MPH)
Bottom of the 5th over - 0 runs, 1 hit, 0 errors, 2 left on base; Boston 4 - Atlanta 1
TOP OF THE 6TH
Boston Red Sox batting - Pitching for Atlanta Braves : LHP Joe Testa
Batting: LHB Kevin McCormic Jr. 0-0: Ball
1-0: Called Strike
1-1: Swinging Strike
1-2: Fly out, F7 (Flyball, 7, EV 90.0 MPH)
Batting: RHB Brandon Perris 0-0: Foul Ball, location: 2F
0-1: Swinging Strike
0-2: Ball
1-2: Ball
2-2: Ball
3-2: Foul Ball, location: 2F
3-2: Foul Ball, location: 2F
3-2: Strikes out looking
Batting: SHB Robbie Rogers 0-0: Ball
1-0: Fly out, F8 (Flyball, 8RS, EV 87.5 MPH)
Top of the 6th over - 0 runs, 0 hits, 0 errors, 0 left on base; Boston 4 - Atlanta 1
BOTTOM OF THE 6TH
Atlanta Braves batting - Pitching for Boston Red Sox : LHP Ragnar Danielsson
Batting: SHB Ken Welch 0-0: Ball
1-0: Ball
2-0: Called Strike
2-1: Called Strike
2-2: Ball
3-2: Strikes out swinging
Pitching: LHP Adam Schneidewind
Batting: RHB Jim Zucco 0-0: Ball
1-0: Swinging Strike
1-1: Ball
2-1: Foul Ball, location: 2F
2-2: Fly out, F9 (Flyball, 89D, EV 86.9 MPH)
Batting: RHB John Creel 0-0: Swinging Strike
0-1: Foul Ball, location: 2F
0-2: Ground out 1-3 (Groundball, 34S, EV 68.1 MPH)
Bottom of the 6th over - 0 runs, 0 hits, 0 errors, 0 left on base; Boston 4 - Atlanta 1
TOP OF THE 7TH
Boston Red Sox batting - Pitching for Atlanta Braves : LHP Joe Testa
Batting: RHB Bill Turnbull 0-0: Ball
1-0: Fly out, F9 (Flyball, 9LM, EV 78.8 MPH)
Batting: RHB Chris Lane 0-0: SINGLE (Groundball, 34S, EV 90.0 MPH) (infield hit)
Batting: SHB Marvin Lawrence 0-0: Ball
1-0: Ball
2-0: Ball
3-0: SINGLE (Groundball, 6D, EV 105.0 MPH)
Chris Lane to second
Pitching: RHP Marcos Tejeda
Batting: SHB Rich Chavez 0-0: Swinging Strike
0-1: Ball
1-1: Ball
2-1: Foul Ball, location: 2F
2-2: DOUBLE (Line Drive, 9LM, EV 110.6 MPH)
Chris Lane scores
Marvin Lawrence to third
Batting: RHB Nick Esteves 0-0: Foul Ball, location: 2F
0-1: Foul Ball, location: 2F
0-2: Ball
1-2: Fly out, F8 (Flyball, 78XD, EV 105.6 MPH)
Runner from 3rd tags up, SCORES, no throw by CF
Batting: RHB Manny Vergara 0-0: Ball
1-0: Ball
2-0: Ground out 5-3 (Groundball, 56, EV 108.8 MPH)
Top of the 7th over - 2 runs, 3 hits, 0 errors, 1 left on base; Boston 6 - Atlanta 1
BOTTOM OF THE 7TH
Atlanta Braves batting - Pitching for Boston Red Sox : LHP Adam Schneidewind
Batting: LHB Curt Nelson 0-0: Called Strike
0-1: Swinging Strike
0-2: Foul Ball, location: 2F
0-2: Fly out, F9 (Line Drive, 9, EV 95.0 MPH)
Batting: RHB Danny Anderson 0-0: Ball
1-0: Called Strike
1-1: Ball
2-1: Ground out 6-3 (Groundball, 56, EV 93.8 MPH)
Batting: LHB Colin Worthington 0-0: Fly out, F8 (Flyball, 8RS, EV 86.2 MPH)
Bottom of the 7th over - 0 runs, 0 hits, 0 errors, 0 left on base; Boston 6 - Atlanta 1
TOP OF THE 8TH
Boston Red Sox batting - Pitching for Atlanta Braves : RHP Marcos Tejeda
Batting: LHB Kevin McCormic Jr. 0-0: Called Strike
0-1: Ball
1-1: Fly out, F7 (Flyball, 78D, EV 101.9 MPH)
Batting: RHB Brandon Perris 0-0: Fly out, F4 (Popup, 4S, EV 81.2 MPH)
Batting: SHB Robbie Rogers 0-0: SINGLE (Groundball, 34, EV 103.1 MPH)
Batting: RHB Bill Turnbull 0-0: Called Strike
Robbie Rogers steals 2nd base (no throw)
0-1: Ball
1-1: Ball
2-1: Swinging Strike
2-2: Strikes out looking
Top of the 8th over - 0 runs, 1 hit, 0 errors, 1 left on base; Boston 6 - Atlanta 1
BOTTOM OF THE 8TH
Atlanta Braves batting - Pitching for Boston Red Sox : LHP Adam Schneidewind
Batting: RHB Liangde Li 0-0: Ball
1-0: Ground out 6-3 (Groundball, 6, EV 107.5 MPH)
Batting: RHB Ian Sousa 0-0: Ball
1-0: Ball
2-0: Foul Ball, location: 2F
2-1: Foul Ball, location: 2F
2-2: Ball
3-2: DOUBLE (Line Drive, 78D, EV 103.1 MPH)
Batting: RHB Butch Kaiser 0-0: Ball
1-0: Called Strike
1-1: Ball
2-1: Foul Ball, location: 2F
2-2: SINGLE (Flyball, 3D, EV 91.9 MPH)
Ian Sousa to third
Batting: SHB Ken Welch 0-0: Called Strike
0-1: DOUBLE (Line Drive, 78XD, EV 99.4 MPH)
Ian Sousa scores
Butch Kaiser to third
Runner from 3rd tries for Home, SAFE, throw by LF to trailing runner, SAFE at third!
Batting: RHB Jim Zucco 0-0: Swinging Strike
0-1: Ball
1-1: Ball
2-1: Fly out, F2 (Popup, 3SF, EV 78.8 MPH)
Pitching: RHP Edgar Saldivar
Now in RF: Scott Treider
Batting: RHB John Creel 0-0: Called Strike
0-1: Ball
1-1: Called Strike
1-2: Strikes out swinging
Bottom of the 8th over - 2 runs, 3 hits, 0 errors, 1 left on base; Boston 6 - Atlanta 3
TOP OF THE 9TH
Boston Red Sox batting - Pitching for Atlanta Braves : RHP Marcos Tejeda
Batting: RHB Chris Lane 0-0: Ball
1-0: Foul Ball, location: 2F
1-1: Swinging Strike
1-2: Foul Ball, location: 2F
1-2: Ball
2-2: Fly out, F9 (Flyball, 89S, EV 86.2 MPH)
Batting: SHB Marvin Lawrence 0-0: Called Strike
0-1: Ball
1-1: Foul Ball, location: 2F
1-2: Strikes out swinging
Batting: SHB Rich Chavez 0-0: Called Strike
0-1: Fly out, F9 (Flyball, 89S, EV 90.0 MPH)
Top of the 9th over - 0 runs, 0 hits, 0 errors, 0 left on base; Boston 6 - Atlanta 3
BOTTOM OF THE 9TH
Atlanta Braves batting - Pitching for Boston Red Sox : RHP Edgar Saldivar
Pitching: RHP Guadalupe Vasguez
Now in LF: Shoichi Aso
Batting: LHB Curt Nelson 0-0: Ball
1-0: Foul Ball, location: 2F
1-1: Foul Ball, location: 2F
1-2: Strikes out swinging
Pinch Hitting: LHB Tom Best 0-0: Ball
1-0: Swinging Strike
1-1: Foul Ball, location: 2F
1-2: Ball
2-2: SINGLE (Groundball, 34D, EV 93.8 MPH)
Batting: LHB Colin Worthington 0-0: Ball
1-0: Swinging Strike
1-1: Ball
2-1: Ball
3-1: Called Strike
3-2: Base on Balls
Tom Best to second
Pinch Hitting: LHB Yasahiko Teshima 0-0: Ball
1-0: Ball
2-0: Called Strike
2-1: Ground out 6-3 (Groundball, 4MS, EV 64.4 MPH)
Tom Best to third
Colin Worthington to second
Batting: RHB Ian Sousa 0-0: Ball
1-0: Swinging Strike
1-1: Foul Ball, location: 2F
1-2: Foul Ball, location: 2F
1-2: Ball
2-2: Ground out 6-3 (Groundball, 6M, EV 108.8 MPH)
Bottom of the 9th over - 0 runs, 1 hit, 0 errors, 2 left on base; Boston 6 - Atlanta 3
Thursday, March 31st , 2022 - OOTP Baseball 22.12 Build 89